 Dungeon Crawl Stone Soup version 0.30-a0-694-g3340775977 (webtiles) character file.

Game seed: 8326701760138695437

283 Dezz the Chopper (level 6, -2/55 HPs)
             Began as a Hill Orc Berserker on Jan 20, 2023.
             Was a Believer of Trog.
             Slain by Grinder (4 damage)
             ... while paralysed by Grinder
             ... on level 4 of the Dungeon on Jan 21, 2023.
             The game lasted 00:47:39 (3808 turns).

Dezz the Chopper (Hill Orc Berserker)               Turns: 3808, Time: 00:47:39

Health: -2/55      AC:  9    Str: 22    XL:     6   Next: 28%
Magic:  6/6        EV:  2    Int:  7    God:    Trog [**....]
Gold:   121        SH:  0    Dex: 10    Spells: 5/5 levels left

rFire   . . .      SeeInvis .    a - +0 hand axe
rCold   . . .      Faith    .    (no shield)
rNeg    . . .      Spirit   .    v - +0 chain mail
rPois   .          Reflect  .    (no helmet)
rElec   .          Harm     .    (no cloak)
rCorr   .          Rampage  .    (no gloves)
Will    .....                    (no boots) Stlth
                                 (no amulet)
HPRegen 0.29/turn                (no ring)
MPRegen 0.10/turn                (no ring)

@: paralysed
A: no striking features
a: Renounce Religion, Berserk, Trog's Hand


You were on level 4 of the Dungeon.
You worshipped Trog.
Trog was pleased with you.
You visited 1 branch of the dungeon, and saw 4 of its levels.

You collected 121 gold pieces.

Inventory:

Hand Weapons
 a - a +0 hand axe (weapon)
 d - a +0 dagger
 g - a +0 dagger
 l - a +0 sling
 n - a +0 short sword
 w - a +0 shortbow
Missiles
 c - 12 poisoned darts (quivered)
 u - 17 stones
Armour
 b - a +0 animal skin
 f - a +0 ring mail
 m - a +0 robe
 v - a +0 chain mail (worn)
Scrolls
 e - 2 scrolls of teleportation {unknown}
 i - 2 scrolls of vulnerability {unknown}
 j - 2 scrolls of blinking {unknown}
 k - 3 scrolls of fear {unknown}
 q - 2 scrolls of enchant armour {unknown}
 x - a scroll of identify {unknown}
Potions
 h - 2 potions of flight {unknown}
 o - a potion of cancellation {unknown}
 p - a potion of magic {unknown}
 r - 2 potions of heal wounds {unknown}
 s - a potion of curing {unknown}
 t - a potion of haste {unknown}
 z - 2 potions of brilliance {unknown}


   Skills:
 + Level 4.9 Fighting
 + Level 6.3 Axes
 + Level 1.4 Ranged Weapons
 + Level 3.9 Armour
 + Level 2.0 Dodging
 + Level 0.3 Stealth


You had 5 spell levels left.
You didn't know any spells.
Your spell library was empty.

Dungeon Overview and Level Annotations

Branches:
Dungeon (4/15)
 Temple: D:4-7

Altars:
Qazlal

Annotations:
D:1 1 runed translucent door, 1 exclusion
D:4 Grinder


Message History

You kill the endoplasm!
Trog accepts your kill. The hound bites you.
The gnoll hits you with a +0 flail!
A gnoll comes into view. It is wielding a +0 club.
You hit the hound.
The hound is severely wounded.
You barely miss the gnoll.
The hound bites you but does no damage. x2
The gnoll closely misses you.
You miss the hound.
The hound is severely wounded.
You hit the gnoll. The hound bites you but does no damage.
The gnoll hits you with a +0 flail!
* * * LOW HITPOINT WARNING * * *
Grinder blinks!
You hit the hound.
The hound is almost dead.
You completely miss the gnoll. The hound barely misses you.
The gnoll barely misses you.
A gnoll comes into view. It is wielding a +0 flail.
The hound bites you but does no damage.
You hit the hound.
You kill the hound!
Trog accepts your kill.
You hit the gnoll.
You kill the gnoll!
Trog accepts your kill.
You hit the gnoll. Grinder gestures at you.
You suddenly lose the ability to move!
The gnoll hits you with a +0 club.
* * * LOW HITPOINT WARNING * * *
Your Axes skill increases to level 6!
Your Dodging skill increases to level 2!
The gnoll hits you but does no damage.
A ball python comes into view.
Grinder hits you but does no damage. The gnoll hits you but does no damage.
The ball python hisses angrily.
The gnoll hits you with a +0 club.
* * * LOW HITPOINT WARNING * * *
Grinder hits you.
You die...

## ..
#.#######
###..g....#
#....S@.#.#
#.#..##5# #
# #.. #g..
.... ###.#
#..#. ...
##.#J ...
#.## ...?
...


You could see Grinder, 2 gnolls and a ball python.

Vanquished Creatures
  A hound (D:4)
  An orc priest (D:3)
  Jessica (D:3)
  Natasha (thrice) (D:3)
  A gnoll (D:4)
  6 adders
  A worm (D:3)
  2 orcs (D:3)
  5 bats
  10 endoplasms
  5 goblins
  5 hobgoblins
  4 jackals (D:3)
  2 quokkas
  4 ball pythons
  2 frilled lizards
  4 kobolds
  3 rats (D:1)
60 creatures vanquished.

Vanquished Creatures (others)
  A bat (D:3)
  6 plants (D:3)
7 creatures vanquished.

Grand Total: 67 creatures vanquished

Notes
Turn   | Place    | Note
-------+----------+-------------------------------------------
     0 | D:1      | Dezz the Hill Orc Berserker began the quest for the Orb.
     0 | D:1      | Reached XP level 1. HP: 19/19 MP: 1/1
     3 | D:1      | Found a runed translucent door.
   377 | D:1      | Reached XP level 2. HP: 25/27 MP: 2/2
   920 | D:1      | Reached XP level 3. HP: 33/33 MP: 3/3
  1873 | D:2      | Reached skill level 5 in Axes
  2051 | D:2      | Reached XP level 4. HP: 41/41 MP: 4/4
  2192 | D:2      | Found a faded altar of an unknown god.
  2441 | D:2      | Reached ** piety under Trog
  2790 | D:3      | Noticed Natasha
  2797 | D:3      | Killed Natasha
  2798 | D:3      | Reached XP level 5. HP: 32/47 MP: 5/5
  2801 | D:3      | Found a stormy altar of Qazlal.
  2898 | D:3      | Reached skill level 1 in Ranged Weapons
  3007 | D:3      | Noticed Natasha
  3017 | D:3      | Killed Natasha
  3313 | D:3      | Noticed Jessica
  3328 | D:3      | HP: 2/47 [Jessica/bolt of dispelling energy (18)]
  3337 | D:3      | HP: 2/47 [Jessica/+0 club (1)]
  3351 | D:3      | Noticed Natasha
  3356 | D:3      | HP: 2/47 [Jessica/+0 club (5)]
  3358 | D:3      | Killed Jessica
  3536 | D:3      | Killed Natasha
  3537 | D:3      | Reached XP level 6. HP: 29/55 MP: 6/6
  3800 | D:4      | Noticed Grinder
  3805 | D:4      | Paralysed by Grinder for 5 turns
  3806 | D:4      | Reached skill level 6 in Axes
  3808 | D:4      | HP: 2/55 [gnoll/+0 club (6)]
  3808 | D:4      | Slain by Grinder

Illustrated notes

Levels and vault maps discovered:
D:1:      dpeg_arrival_caged_fury, layout_basic
D:2:      layout_loops_corners, hellmonk_ecumenical_altar_lost_god,
          minmay_heptomino_h4
D:3:      layout_loops_ring, mainiacjoe_overflow_boulevard, uniq_jessica,
          uniq_natasha
D:4:      layout_loops_cross, xom_confusion_cloud, lemuel_round_altar,
          uniq_grinder

Skill      XL: |  1  2  3  4  5  6 |
---------------+-------------------+-----
Fighting       | 4 |  4.9
Axes           | 5 6 |  6.3
Armour         | 3 |  3.9
Ranged Weapons | 1 |  1.4
Dodging        | 2 |  2.0
Stealth        | |  0.3

Action                   |  1- 3 |  4- 6 || total
-------------------------+-------+-------++-------
Melee: Hand axe          |   103 |   161 ||   264
       Punch             |     1 |     1 ||     2
 Fire: Shortbow          |       |    10 ||    10
Armor: Animal skin       |     7 |       ||     7
       Ring mail         |    25 |       ||    25
       Chain mail        |       |    90 ||    90
Dodge: Dodged            |    68 |    70 ||   138

Table legend: (Time is in decaauts)
 A = Elapsed time spent in this place.
 B = Non-inter-level travel time spent in this place.
 C = Inter-level travel time spent in this place.
 D = Time resting spent in this place.
 E = Time spent auto-exploring this place.
 F = Levels seen in this place.
 G = Mean time per level.
                   A        B        C        D        E       F      G
               +--------+--------+--------+--------+--------+-----+--------+
         Total |   3850 |   3743 |    107 |      0 |     15 |   4 |  962.5 |
       Dungeon |   3850 |   3743 |    107 |      0 |     15 |   4 |  962.5 |
               +--------+--------+--------+--------+--------+-----+--------+

Top non-repeatable levels by time:
     D:1: 1405 daAuts
     D:2: 1394 daAuts
     D:3: 1031 daAuts
     D:4: 19 daAuts
